 Dungeon Crawl Stone Soup version 0.28-a0-863-g8cecda6153 (webtiles) character file.

Game seed: 2878869602836409674

273 Ijustatesigmund the Skirmisher (level 6, -9/41 HPs)
             Began as a Gargoyle Fighter on Nov 17, 2021.
             Killed by divine providence
             ... invoked by a smoke demon
              (14 damage)
             ... on level 1 of the Abyss.
             The game lasted 00:05:52 (5384 turns).

Ijustatesigmund the Skirmisher (Gargoyle Fighter)   Turns: 5384, Time: 00:05:54

Health: -9/41      AC: 13    Str: 18 (20) XL:     6   Next: 23%
Magic:  6/6        EV: 10    Int:  8 (9)  God:
Gold:   197        SH:  4    Dex:  7 (10) Spells: 5/5 levels left

rFire   . . .      SeeInvis .   a - +0 flail
rCold   + . .      Faith    .   c - +0 buckler
rNeg    + . .      Spirit   .   b - +2 ring mail {rC+}
rPois   ∞          Reflect  .   (no helmet)
rElec   +          Harm     .   d - +0 cloak
rCorr   +          Rampage  .   (no gloves)
Will    .....                   (no boots)
Stlth   ..........              (no amulet)
HPRegen 0.13/turn               q - ring of resist corrosion
MPRegen 0.10/turn               (no ring)

@: attractive
A: sickness immunity, AC +4, negative energy resistance 1, electricity
resistance, torment resistance 1, petrification resistance
a: no special abilities


You were on level 1 of the Abyss.
You visited 1 branch of the dungeon, and saw 4 of its levels.
You visited the Abyss 1 time.

You collected 197 gold pieces.

Inventory:

Hand Weapons
 a - a +0 flail (weapon)
 m - a +0 war axe of flaming
Missiles
 f - 11 poisoned darts (quivered)
Armour
 b - a +2 ring mail of cold resistance (worn)
 c - a +0 buckler (worn)
 d - a +0 cloak (worn)
Jewellery
 q - a ring of resist corrosion (left hand)
Wands
 i - a wand of flame (8)
Scrolls
 e - a scroll of fog {unknown}
 j - a scroll of teleportation
 l - 4 scrolls of vulnerability {unknown}
 n - a scroll of amnesia {unknown}
 p - a scroll of silence {unknown}
 r - a scroll of enchant armour {unknown}
 s - a scroll of identify
Potions
 g - a potion of lignification {unknown}
 k - a potion of attraction
 o - a potion of resistance {unknown}


   Skills:
 + Level 5.7 Fighting
 + Level 4.6 Maces & Flails
 - Level 3.2 Armour
 - Level 3.2 Shields


You had 5 spell levels left.
You didn't know any spells.
Your spell library contained the following spells:

 Spells                   Type           Power      Damage    Failure   Level
 Animate Skeleton         Necr           0%         N/A       63%         1
 Apportation              Tloc           0%         N/A       63%         1
 Summon Small Mammal      Summ           0%         N/A       63%         1
 Blade Hands              Tmut           0%         N/A       100%        5
 Irradiate                Conj/Tmut      0%         3d13      100%        5
 Dragon Form              Tmut           0%         N/A       100%        7


Dungeon Overview and Level Annotations

Branches:
Dungeon (4/15)
 Temple: D:4-7

Altars:
Hepliaklqana

Annotations:
D:3 2 transporters, fly's ghost, weakling FoDe
D:4 Crazy Yiuf


Innate Abilities, Weirdness & Mutations

You are immune to sickness and miasma.
Your stone body is resilient. (AC +4)
You are immune to poison.
You resist negative energy. (rN+)
You are resistant to electric shocks. (rElec)
You are resistant to unholy torment.
You are immune to petrification.


Message History

The smoke demon misses you. The smoke demon closely misses you.
The smoke demon hits you but does no damage.
The smoke demon closely misses you. The smoke demon barely misses you.
The smoke demon hits you but does no damage.
You hit the smoke demon.
The smoke demon is heavily wounded.
The smoke demon gestures at you. Something smites you!
You hit the smoke demon.
The smoke demon is severely wounded.
The smoke demon gestures at you. The ball of steam hits you!
* * * LOW HITPOINT WARNING * * *
You are too injured to fight recklessly!
You are too injured to fight recklessly!
You are too injured to fight recklessly!
It was a potion of attraction.
You feel attractive to monsters.
You are engulfed in a cloud of scalding steam.
The smoke demon hits you but does no damage.
The smoke demon barely misses you.
The smoke demon hits you but does no damage.
You sock the smoke demon!
The smoke demon is almost dead.
You are engulfed in a cloud of scalding steam.
* * * LOW HITPOINT WARNING * * *
The smoke demon hits you but does no damage.
The smoke demon barely misses you. x2
You closely miss the smoke demon.
The smoke demon is almost dead.
The smoke demon closely misses you.
The smoke demon hits you but does no damage.
The smoke demon barely misses you.
It was a potion of degeneration.
There was something very wrong with that liquid.
You feel weakened.
You feel dopey.
You feel clumsy.
An ancient zyme comes into view.
The smoke demon gestures at you. Something smites you!
You die...

#. ..... .x.# .
.. # # ##....
#...# .
......#.##...
....## ##
..##..#.##..
#.....# #...##
..##..#......#
#..# ..
.##......... # .
#....#.3.......
. #.
##.#.##@.......
..# . .
###...#####.. #
.# .. . ##...#
..........#...##
# .. ....(.#.#
.# ........#
♣♣..♣#. .# ♣##..
....# # ♣. .
#### ...


You could see an ancient zyme (wandering) and a smoke demon.

Vanquished Creatures
  A scorpion (D:4)
  A bullfrog skeleton (D:4)
  An iguana (D:2)
  Natasha (thrice) (D:2)
  An adder (D:3)
  An ufetubus (D:4)
  8 orcs
  7 ball pythons
  4 endoplasms
  10 goblins
  9 hobgoblins
  4 kobolds
  4 quokkas
  7 bats
  2 frilled lizards (D:2)
  5 rats
68 creatures vanquished.

Vanquished Creatures (others)
  6 withered plants (D:2)
6 creatures vanquished.

Grand Total: 74 creatures vanquished

Notes
Turn   | Place    | Note
-------+----------+-------------------------------------------
     0 | D:1      | Ijustatesigmund the Gargoyle Fighter began the quest for
                  | the Orb.
     0 | D:1      | Reached XP level 1. HP: 14/14 MP: 1/1
   261 | D:1      | Reached XP level 2. HP: 3/19 MP: 2/2
  1473 | D:2      | Reached XP level 3. HP: 16/24 MP: 3/3
  1474 | D:2      | Reached skill level 4 in Fighting
  1620 | D:2      | Noticed Natasha
  1925 | D:2      | Killed Natasha
  1935 | D:2      | Reached XP level 4. HP: 18/30 MP: 4/4
  2020 | D:2      | Noticed Natasha
  2025 | D:2      | Killed Natasha
  2045 | D:2      | Noticed Natasha
  2059 | D:2      | HP: 1/30 [Natasha/puff of flame (12)]
  2060 | D:2      | Killed Natasha
  2657 | D:2      | Found a faded altar of an unknown god.
  2681 | D:2      | Reached XP level 5. HP: 34/34 MP: 5/5
  2701 | D:2      | Reached skill level 5 in Fighting
  3261 | D:3      | Found a transporter.
  3262 | D:3      | Noticed fly's ghost (weakling FoDe)
  3263 | D:3      | Noticed an ogre
  3264 | D:3      | Noticed an ogre
  3265 | D:3      | Identified the +8 giant club of the Shimmering Seer {pain,
                  | *Rage Will+ Dex+7}
  3265 | D:3      | Noticed an ogre
  3268 | D:3      | Found a transporter.
  4146 | D:4      | Found a hazy altar of Hepliaklqana.
  4577 | D:4      | Reached XP level 6. HP: 34/41 MP: 6/6
  5268 | D:4      | Found a runed translucent door.
  5269 | D:4      | Noticed Crazy Yiuf
  5274 | D:4      | Cast into level 1 of the Abyss (Crazy Yiuf)
  5374 | Abyss:1  | Noticed a smoke demon
  5384 | Abyss:1  | Noticed an ancient zyme
  5384 | Abyss:1  | Killed from afar by a smoke demon

Illustrated notes

Levels and vault maps discovered:
D:1:      shiori_shiawase, layout_loops_corners
D:2:      layout_basic, ebering_ecumenical_altar_petrified, uniq_natasha
D:3:      layout_loops_ring, gammafunk_ghost_smash
D:4:      layout_layer_cave, mainiacjoe_overflow_tiny_flanked,
          uniq_crazy_yiuf_cottage
Abyss:1:  base: D:4, hangedman_relentless_pull

Skill      XL: |  1  2  3  4  5 |
---------------+----------------+-----
Fighting       | 4 5 |  5.7
Maces & Flails | 3 4 |  4.6
Armour         | |  3.2
Shields        | |  3.2

Action                   |  1- 3 |  4- 6 || total
-------------------------+-------+-------++-------
Melee: Flail             |    80 |   167 ||   247
Throw: Dart              |     9 |     5 ||    14
  Use: Scroll            |     2 |       ||     2
       Potion            |     2 |     2 ||     4
Armor: Scale mail        |    43 |       ||    43
       Ring mail         |    15 |    73 ||    88
Dodge: Dodged            |    56 |    87 ||   143
Block: Buckler           |    24 |    40 ||    64

Table legend: (Time is in decaauts)
 A = Elapsed time spent in this place.
 B = Non-inter-level travel time spent in this place.
 C = Inter-level travel time spent in this place.
 D = Time resting spent in this place.
 E = Time spent auto-exploring this place.
 F = Levels seen in this place.
 G = Mean time per level.
                   A        B        C        D        E       F      G
               +--------+--------+--------+--------+--------+-----+--------+
         Total |   5452 |   5279 |    173 |   1138 |   3471 |   5 | 1090.4 |
       Dungeon |   5341 |   5168 |    173 |   1138 |   3373 |   4 | 1335.2 |
         Abyss |    111 |    111 |      0 |      0 |     98 |   1 |  111.0 |
               +--------+--------+--------+--------+--------+-----+--------+

Top non-repeatable levels by time:
     D:1: 1637 daAuts
     D:2: 1543 daAuts
     D:4: 1186 daAuts
     D:3: 973 daAuts
 Abyss:1: 111 daAuts
